 Dungeon Crawl Stone Soup version 0.31.0-1-g2c135a008e (console) character file.

Game seed: 4196475347874422828

100471 AlterAsc the Brawler (level 15, -5/114 (163) HPs)
             Began as a Troll Shapeshifter on Jan 20, 2024.
             Was a High Priest of Trog.
             Killed from afar by a deep elf zephyrmancer (16 damage)
             ... with a bolt of lightning
             ... on level 2 of the Elven Halls on Jan 21, 2024.
             The game lasted 01:56:07 (21660 turns).

AlterAsc the Brawler (Troll Shapeshifter)          Turns: 21660, Time: 01:56:08

HP:   -5/114 (163)  AC: 20    Str: 32      XL:     15   Next: 80%
MP:   14/14         EV: 10    Int:  5 (8)  God:    Trog [*****.]
Gold: 815           SH:  0    Dex: 10 (12) Spells: 14/14 levels left

rFire   + .          .
                       - Unarmed
rCold   + . .        (shield currently unavailable)
rNeg    . . .        V - +5 swamp dragon scales
rPois   +            (helmet restricted)
rElec   .            Q - scarf {rC+ rF+}
rCorr   .            (gloves unavailable)
SInv    .            (boots unavailable)
Will    +++..        M - amulet of Busyn {Faith Rampage Int+2 Dex+3} Stlth
                     F - +4 ring of protection
HPRegen 2.19/turn    I - +4 ring of protection
MPRegen 0.14/turn

%: rampage, faith
@: lethally poisoned (-5 -> -5), about to teleport, blade hands, strong-willed,
on berserk cooldown, regenerating, slowed, very heavily drained, very slow
A: large, unfitting armour, (claws 3), regeneration 1, shaggy fur 1, tough skin
1, deterioration 2
a: Begin Untransformation, Renounce Religion, Berserk, Trog's Hand, Brothers in
Arms


You were on level 2 of the Elven Halls.
You worshipped Trog.
Trog was extremely pleased with you.
You had blades for hands.
You visited 6 branches of the dungeon, and saw 23 of its levels.
You also visited: Sewer and Ossuary.

You collected 1993 gold pieces.
You spent 1178 gold pieces at shops.

Inventory:

Hand Weapons
 e - a +5 giant spiked club of flaming
Missiles
 z - 27 poisoned darts (quivered)
Armour
 Q - a scarf of resistance (worn)
 V - +5 swamp dragon scales (worn)
Jewellery
 i - an amulet of reflection
 o - a +4 ring of slaying
 r - a +4 ring of protection
 x - a ring of poison resistance
 E - a ring of positive energy
 F - a +4 ring of protection (left blade hand)
 I - a +4 ring of protection (right blade hand)
 M - the amulet of Busyn (around neck) {Faith Rampage Int+2 Dex+3}
   (You found it on level 6 of the Dungeon)

   [amulet of faith]

   Faith:     It allows you to gain divine favour quickly.
   Int+2:     It affects your intelligence (+2).
   Dex+3:     It affects your dexterity (+3).
   Rampage:   It bestows one free step when moving towards enemies.
 N - a +5 ring of evasion
Talismans
 c - a beast talisman
 d - a flux talisman
 m - a blade talisman (active)
Wands
 l - a wand of polymorph (6)
 p - a wand of acid (10)
 H - a wand of iceblast (13)
 S - a wand of paralysis (22)
 Y - a wand of flame (9)
Scrolls
 f - 4 scrolls of fog
 g - a scroll of vulnerability {unknown}
 h - 7 scrolls of teleportation
 k - 4 scrolls of poison
 q - 6 scrolls of noise
 t - 5 scrolls of enchant weapon
 u - a scroll of acquirement {unknown}
 v - 5 scrolls of amnesia
 w - 2 scrolls of immolation
 y - 3 scrolls of silence
 C - 5 scrolls of fear
 J - 4 scrolls of butterflies
 K - a scroll of blinking
 L - 3 scrolls of brand weapon
 P - 2 scrolls of revelation
 T - a scroll of torment {unknown}
Potions
 a - a potion of mutation {unknown}
 b - 3 potions of lignification
 j - 8 potions of curing
 n - 8 potions of heal wounds
 s - 4 potions of enlightenment
 A - 2 potions of haste
 B - 4 potions of invisibility
 D - 2 potions of cancellation
 G - 4 potions of attraction
 O - 2 potions of brilliance
 R - 4 potions of magic
 U - 2 potions of ambrosia {unknown}
 W - 2 potions of might {unknown}


   Skills:
 - Level 14.0 Fighting
 - Level 5.1 Armour
 - Level 4.6 Dodging
 - Level 16.0 Unarmed Combat
 * Level 15.0 Shapeshifting


You had 14 spell levels left.
You didn't know any spells.
Your spell library contained the following spells:

 Spells                   Type           Power      Damage    Failure   Level
 Apportation              Tloc           0%         N/A       58%         1
 Necrotise                Necr           0%         1d4       58%         1
 Sting                    Conj/Alch      0%         1d3       58%         1
 Summon Small Mammal      Summ           0%         N/A       58%         1
 Call Imp                 Summ           0%         N/A       73%         2
 Sublimation of Blood     Necr           0%         N/A       73%         2
 Fugue of the Fallen      Necr           0%         N/A       91%         3
 Ozocubu's Armour         Ice            0%         N/A       91%         3
 Manifold Assault         Tloc           0%         N/A       100%        4
 Petrify                  Alch/Erth      0%         N/A       100%        4
 Irradiate                Conj/Alch      0%         3d11      100%        5
 Summon Hydra             Summ           0%         N/A       100%        7


Dungeon Overview and Level Annotations

Branches:
Dungeon (12/15)            Temple (1/1) D:5            Lair (5/5) D:11
  Swamp (0/4) Lair:3       Spider (1/4) Lair:3        Slime (0/5) Lair:5
    Orc (2/2) D:12            Elf (2/3) Orc:2         Sewer (visited)
Ossuary (visited)

Altars:
Ashenzari
Cheibriados
Dithmenos
Elyvilon
Fedhas
Gozag
Hepliaklqana
Kikubaaqudgha
Makhleb
Nemelex Xobeh
Okawaru
Qazlal
Ru
Sif Muna
Trog
Uskayaw
Vehumet
Wu Jian
Xom
Yredelemnul
Zin
The Shining One
Jiyva

Shops:
D:4 [(   D:5 !   D:12 *   Orc:1 =   Orc:2 [*(=[   Elf:1 =?(   Elf:2 !

Annotations:
D:9 3 runed translucent doors, exclusion: orange crystal statue
Elf:2 3 runed translucent doors


Innate Abilities, Weirdness & Mutations

You have blades for hands.
You are incapable of wielding weapons or throwing items.
You are too large for most types of armour.
((You have claws for hands.))
Your natural rate of healing is unusually fast.
You are covered in fur. (AC +1)
You have tough skin. (AC +1)
Your body often deteriorates upon taking damage.


Message History

The +1 dire flail of draining attacks as it pursues you!
The +1 dire flail of draining hits you!
You feel drained.
A deep elf zephyrmancer and a deep elf pyromancer come into view.
You feel your anger nearly subside.
You are no longer berserk.
You are exhausted.
You feel yourself slow down.
You feel sick.
The deep elf zephyrmancer shouts!
The deep elf pyromancer shouts!
You hear a shout!
The deep elf pyromancer casts a spell.
The +2 glaive of venom attacks as it pursues you!
The +2 glaive of venom hits you from afar!!
* * * LOW HITPOINT WARNING * * *
Your body deteriorates!
You feel dopey.
Blink to where?
Press: ? - help, Dir - move target A deep elf pyromancer comes into view.
It is wielding a +0 short sword.
As you read the scroll of blinking, it crumbles to dust.
You feel very sick.
The deep elf pyromancer shouts!
As you read the scroll of teleportation, it crumbles to dust.
You feel strangely unstable.
You feel sick.
The deep elf pyromancer casts a spell.
The deep elf pyromancer blinks!
Your skin crawls.
You feel strong-willed.
You feel sick.
The +1 dire flail of draining misses you.
The +1 hand axe of draining hits you but does no damage.
You feel drained.
The +1 dire flail of draining hits you!!
* * * LOW HITPOINT WARNING * * *
Your body deteriorates!
You feel clumsy.
You feel drained.
* * * LOW HITPOINT WARNING * * *
The deep elf pyromancer hits you with a +0 short sword.
* * * LOW HITPOINT WARNING * * *
The deep elf zephyrmancer points at you and mumbles some strange words.
The bolt of lightning misses the +2 glaive of venom.
The bolt of lightning misses the +1 dire flail of draining.
The bolt of lightning hits you!
You die...

.... #..... ... ......
...##......
..+...........##
#++............###.
###..................
##...e................
#....@(.(.............
........(...............
.........(..............
...............)........
.........e......(.......
................###.....
...............## ....
..............e# ...
........# .. .......e. .
#.........


You could see 2 deep elf pyromancers, a deep elf zephyrmancer and 4 dancing
weapons.

Vanquished Creatures
  Agnes (Elf:1)
  A deep elf sorcerer (Elf:1)
  2 orc warlords (Orc:2)
  A deep elf annihilator (Elf:1)
  A deep elf death mage (Elf:1)
  Snorg (Lair:3)
  Fannar (D:11)
  An ice dragon (Lair:4)
  3 hydras
  An alligator (Lair:2)
  3 two-headed ogres
  9 dancing weapons
  3 catoblepae (Lair:5)
  16 death yaks
  A boulder beetle (D:11)
  Urug (D:11)
  7 orc high priests (Orc:2)
  A deep elf knight (Elf:1)
  2 skysharks
  A pharaoh ant (Spider:1)
  2 fire crabs (Lair:2)
  2 bog bodies (Lair:3)
  8 arcanists (D:10)
  An orb spider (Spider:1)
  4 deep elf archers (Elf:1)
  A steelbarb worm (Spider:1)
  3 orc knights
  7 deep elf pyromancers
  Pikel (D:7)
  A necromancer (Elf:1)
  A salamander (shapeshifter) (Elf:1)
  10 deep elf zephyrmancers (Elf:1)
  2 orc sorcerers
  A cyclops (D:12)
  5 manticores
  2 ugly things
  A meliai (Spider:1)
  2 black mambas
  4 kobold blastminers
  A guardian serpent (shapeshifter) (Elf:1)
  10 elephants
  A gargoyle (D:11)
  14 cane toads
  A large abomination (Elf:1)
  2 rime drakes
  12 komodo dragons
  3 polar bears
  3 trolls
  8 blink frogs
  2 hornets
  2 tarantellas (Spider:1)
  4 dream sheep (Lair:4)
  11 jumping spiders (Spider:1)
  2 shadows
  A vampire (D:10)
  2 culicivoras
  2 wraiths
  10 wyverns
  5 basilisks
  A steam dragon (D:7)
  57 yaks
  5 wargs
  2 fire elementals
  8 vampire mosquitoes
  5 redbacks
  Menkaure (D:7)
  3 acid dragons
  Duvessa (D:7)
  8 water moccasins
  4 black bears
  18 orc warriors
  An ice beast (D:6)
  9 ogres
  6 wolves
  3 centaurs
  A phantom (D:7)
  3 lemures (D:7)
  3 elf zombies (Elf:1)
  3 kobold brigands
  A brain worm (Sewer)
  11 bullfrogs
  A necrophage (D:5)
  An earth elemental (D:11)
  3 scorpions
  20 wights
  Dowan (D:7)
  9 killer bees
  An electric eel (D:7)
  A howler monkey (D:9)
  A bombardier beetle (D:5)
  4 centaur zombies (Ossuary)
  7 hounds
  A human zombie (D:5)
  8 orc priests
  2 gnoll boudas
  A sleepcap (D:5)
  A scorpion zombie (D:5)
  11 orc wizards
  3 killer bee zombies (D:5)
  4 crocodile zombies (Ossuary)
  A hound zombie (D:5)
  2 mummies
  A howler monkey zombie (D:5)
  12 gnolls
  6 adders
  4 river rats (Sewer)
  5 white imps
  2 ufetubi (D:7)
  5 ribbon worms
  4 dart slugs
  44 orcs
  8 bats
  3 endoplasms
  17 giant cockroaches
  4 goblins
  10 hobgoblins
  3 jackals (D:3)
  9 quokkas
  8 ball pythons
  8 frilled lizards
  23 kobolds
  3 kobold zombies (Ossuary)
  5 rats
632 creatures vanquished.

Vanquished Creatures (collateral kills)
  A hydra (Lair:3)
  A bullfrog (Lair:3)
2 creatures vanquished.

Vanquished Creatures (others)
  A demonic crawler (Spider:1)
  A water elemental (D:11)
  An air elemental (D:11)
3 creatures vanquished.

Grand Total: 637 creatures vanquished

Notes
Turn   | Place    | Note
-------+----------+-------------------------------------------
     0 | D:1      | AlterAsc the Troll Shapeshifter began the quest for the
                  | Orb.
     0 | D:1      | Reached XP level 1. HP: 18/18 MP: 0/0
   132 | D:1      | Found a faded altar of an unknown god.
   168 | D:1      | Reached skill level 1 in Fighting
   308 | D:1      | Reached XP level 2. HP: 27/27 MP: 1/1
   877 | D:2      | Reached XP level 3. HP: 33/33 MP: 2/2
   900 | D:2      | Reached XP level 4. HP: 15/41 MP: 3/3
  1336 | D:2      | You fall into a shaft and drop 1 floor!
  1361 | D:3      | Reached XP level 5. HP: 48/48 MP: 4/4
  1371 | D:3      | Found a blossoming altar of Fedhas.
  1499 | D:4      | Reached skill level 5 in Shapeshifting
  2698 | D:4      | Reached XP level 6. HP: 55/55 MP: 5/5
  2825 | D:4      | Found Lanil's Antique Weapon Boutique.
  2883 | D:4      | Found Etikleq's Armour Boutique.
  2917 | D:4      | Found a hazy altar of Hepliaklqana.
  3065 | D:4      | Found a shimmering altar of Xom.
  3174 | D:5      | Entered Level 5 of the Dungeon
  3196 | D:5      | Found a hide-covered altar of Uskayaw.
  3201 | D:5      | Reached XP level 7. HP: 30/62 MP: 6/6
  3232 | D:5      | Found a stormy altar of Qazlal.
  3474 | D:5      | Found a basalt altar of Yredelemnul.
  3761 | D:5      | Reached XP level 8. HP: 49/71 MP: 7/7
  3851 | D:5      | Found a staircase to the Ecumenical Temple.
  3884 | D:5      | Found a glowing drain.
  3899 | Sewer    | Entered a sewer
  4295 | Sewer    | Reached skill level 1 in Armour
  4635 | D:5      | Found Ushre's Distillery.
  4927 | Temple   | Entered the Ecumenical Temple
  4947 | Temple   | Became a worshipper of Trog the Wrathful
  5076 | D:6      | Found a sand-covered staircase.
  5091 | Ossuary  | Entered an ossuary
  5277 | Ossuary  | Reached skill level 4 in Unarmed Combat
  5586 | D:6      | Identified the amulet of Busyn {Faith Rampage Int+2 Dex+3}
  5982 | D:7      | Reached XP level 9. HP: 77/84 MP: 8/8
  5985 | D:7      | Reached * piety under Trog
  6081 | D:7      | Noticed Dowan
  6100 | D:7      | Reached skill level 5 in Unarmed Combat
  6168 | D:7      | Killed Dowan
  6178 | D:7      | Noticed Duvessa
  6189 | D:7      | Killed Duvessa
  6373 | D:7      | Reached skill level 5 in Fighting
  6375 | D:7      | Reached skill level 6 in Unarmed Combat
  6540 | D:7      | Noticed Menkaure
  6544 | D:7      | Killed Menkaure
  6635 | D:7      | Noticed Pikel
  6712 | D:7      | Killed Pikel
  6712 | D:7      | Reached ** piety under Trog
  6713 | D:7      | Reached XP level 10. HP: 92/98 MP: 9/9
  6741 | D:7      | Found a white marble altar of Elyvilon.
  6792 | D:7      | Reached skill level 7 in Unarmed Combat
  7124 | D:8      | Paralysed by a hornet for 2 turns
  7165 | D:8      | Reached skill level 10 in Shapeshifting
  7202 | D:8      | Found an ornate altar of the Wu Jian Council.
  7280 | D:8      | Noticed a two-headed ogre
  7293 | D:8      | Killed a two-headed ogre
  7294 | D:8      | Reached skill level 8 in Unarmed Combat
  7761 | D:9      | Found a shadowy altar of Dithmenos.
  7795 | D:9      | Reached *** piety under Trog
  7871 | D:9      | Found a runed translucent door.
  7890 | D:9      | Found a runed translucent door.
  7903 | D:9      | Found a runed translucent door.
  7917 | D:9      | Found a runed translucent door.
  7949 | D:9      | Noticed an orange crystal statue
  8033 | D:9      | Noticed a two-headed ogre
  8038 | D:9      | Killed a two-headed ogre
  8039 | D:9      | Reached skill level 9 in Unarmed Combat
  8398 | D:10     | Entered Level 10 of the Dungeon
  8429 | D:10     | Reached XP level 11. HP: 103/109 MP: 10/10
  8545 | D:10     | Noticed an arcanist
  8555 | D:10     | Noticed an arcanist
  8558 | D:10     | Killed an arcanist
  8563 | D:10     | Killed an arcanist
  8606 | D:10     | Found an ancient bone altar of Kikubaaqudgha.
  8686 | D:10     | Noticed an arcanist
  8694 | D:10     | Killed an arcanist
  8766 | D:10     | Found the +3 warlock's mirror {omnireflect}
  8782 | D:10     | Noticed an arcanist
  8796 | D:10     | Reached **** piety under Trog
  8803 | D:10     | Killed an arcanist
  8821 | D:10     | Noticed an arcanist
  8837 | D:10     | Killed an arcanist
  8838 | D:10     | Reached skill level 10 in Unarmed Combat
  8932 | D:10     | Noticed an arcanist
  8935 | D:10     | Noticed an arcanist
  8943 | D:10     | Killed an arcanist
  8949 | D:10     | Killed an arcanist
  9023 | D:10     | Noticed an arcanist
  9033 | D:10     | Killed an arcanist
  9341 | D:11     | Noticed Fannar
  9342 | D:11     | Noticed a boulder beetle
  9346 | D:11     | Noticed a white ugly thing
  9356 | D:11     | Killed Fannar
  9359 | D:11     | Killed a white ugly thing
  9373 | D:11     | Reached XP level 12. HP: 123/123 MP: 11/11
  9479 | D:11     | Noticed Urug
  9490 | D:11     | Killed Urug
  9547 | D:11     | Found a staircase to the Lair.
  9673 | D:11     | Reached skill level 5 in Armour
  9673 | D:11     | Reached skill level 11 in Unarmed Combat
  9780 | D:11     | Found a large runed translucent door.
  9780 | D:11     | Found a large runed translucent door.
  9788 | D:11     | Killed a boulder beetle
 10279 | Lair:1   | Entered Level 1 of the Lair of Beasts
 10428 | Lair:1   | Reached skill level 10 in Fighting
 10430 | Lair:1   | Reached ***** piety under Trog
 10955 | Lair:1   | Found a shadowy altar of Dithmenos.
 11311 | Lair:2   | Noticed a four-headed hydra
 11314 | Lair:2   | Received a gift from Trog
 11530 | Lair:2   | Reached skill level 12 in Unarmed Combat
 11801 | Lair:2   | Paralysed by a hornet for 3 turns
 11813 | Lair:2   | Noticed a six-headed hydra
 11985 | Lair:2   | Paralysed by a hornet for 2 turns
 12018 | Lair:3   | Noticed Snorg
 12024 | Lair:3   | Killed Snorg
 12025 | Lair:3   | Reached XP level 13. HP: 136/136 MP: 12/12
 12074 | Lair:3   | Found a hole to the Spider Nest.
 12322 | Lair:3   | Found a staircase to the Swamp.
 13142 | Spider:1 | Entered Level 1 of the Spider Nest
 13258 | Spider:1 | Reached skill level 13 in Unarmed Combat
 13263 | Spider:1 | Received a gift from Trog
 13681 | Spider:1 | Noticed a broodmother
 14240 | Lair:4   | You fall into a shaft and drop 1 floor!
 14240 | Lair:5   | Entered Level 5 of the Lair of Beasts
 14679 | Lair:4   | Identified the +0 ring mail of Day {^Contam +Inv rPois
                  | Dex+5}
 14690 | Lair:4   | Reached XP level 14. HP: 118/149 MP: 13/13
 15308 | Lair:5   | Identified the +3 halberd of Capital Punishment {antimagic,
                  | rF+ Dex+3} (Trog gifted it to you on level 5 of the Lair of
                  | Beasts)
 15308 | Lair:5   | Received a gift from Trog
 15309 | Lair:5   | Reached skill level 14 in Unarmed Combat
 15592 | Lair:5   | Found a viscous altar of Jiyva.
 15592 | Lair:5   | Found a staircase to the Slime Pits.
 17159 | D:4      | Bought +2 swamp dragon scales for 682 gold pieces
 17169 | D:4      | Bought a scarf of resistance for 352 gold pieces
 17673 | D:12     | Found a staircase to the Orcish Mines.
 17711 | D:12     | Received a gift from Trog
 17828 | D:12     | Identified the +4 short sword of Ocreasmuly {freeze, rElec
                  | rF+ Str-2}
 17881 | D:12     | Found Circh's Fire Supplies.
 18059 | Orc:1    | Entered Level 1 of the Orcish Mines
 18310 | Orc:1    | Found Huma's Jewellery Shop.
 18565 | Orc:2    | Entered Level 2 of the Orcish Mines
 18565 | Orc:2    | Found Dasegh's Antique Weapon Emporium.
 18569 | Orc:2    | Found a staircase to the Elven Halls.
 18569 | Orc:2    | Gained mutation: Your body sometimes deteriorates upon
                  | taking damage. [a neqoxec]
 18571 | Orc:2    | Gained mutation: Your body often deteriorates upon taking
                  | damage. [a neqoxec]
 18612 | Orc:2    | Reached skill level 15 in Unarmed Combat
 18613 | Orc:2    | Reached XP level 15. HP: 113/161 MP: 14/14
 18758 | Orc:2    | Found Awurie's Antique Armour Shoppe.
 18801 | Orc:2    | Found Pougekyrph's Antique Armour Boutique.
 19146 | Orc:2    | Found Ezxinn's Jewellery Shoppe.
 19236 | Orc:2    | Found Fiaje's General Store.
 19329 | Orc:2    | Reached ****** piety under Trog
 19399 | Orc:2    | Bought 3 scrolls of teleportation for 144 gold pieces
 19739 | Elf:1    | Entered Level 1 of the Elven Halls
 19956 | Elf:1    | Received a gift from Trog
 20199 | Elf:1    | Found Ylotseff's Jewellery Boutique.
 20530 | Elf:1    | Noticed a deep elf sorcerer
 20546 | Elf:1    | Killed a deep elf sorcerer
 20888 | Elf:1    | Noticed Agnes
 20896 | Elf:1    | Killed Agnes
 20897 | Elf:1    | Identified the +0 leather armour of Sin {Dex+2}
 21052 | Elf:1    | Found Goffateh's Weapon Boutique.
 21147 | Elf:1    | Found Deudyho's Weapon Shop.
 21150 | Elf:1    | Found Zeireh's Magic Scroll Shop.
 21176 | Elf:1    | Reached skill level 16 in Unarmed Combat
 21648 | Elf:2    | Found Ufackiba's Distillery.
 21654 | Elf:2    | Reached skill level 15 in Shapeshifting
 21658 | Elf:2    | Found a runed translucent gate.
 21658 | Elf:2    | Found a runed translucent gate.
 21658 | Elf:2    | Found a runed translucent gate.
 21660 | Elf:2    | Killed from afar by a deep elf zephyrmancer

Illustrated notes

Levels and vault maps discovered:
D:1:      lightli_arrival_boilingwater, layout_basic,
          ebering_ecumenical_altar_webs
D:2:      minmay_roachtagon, layout_basic, dk_noncrumbling_3
D:3:      minmay_inner_zag, layout_basic, mainiacjoe_overflow_paths,
          nicolae_grassy_gnolls
D:4:      layout_basic, mainiacjoe_overflow_brackets, lemuel_doored_altar,
          serial_shops, nicolae_shop_rolling_square,
          nicolae_shop_just_a_little_nook, hangedman_decor_clover_reticule,
          hex_large
D:5:      cheibrodos_thug_alley, layout_basic, mainiacjoe_overflow_big_doors,
          lemuel_mausoleum_altar_yredelemnul, minmay_temple_entry_glass,
          serial_shops, nicolae_shop_trees, gup_sewer_entry_pipe,
          chequers_garden, minmay_misc_feat_chi
D:6:      nicolae_cairo_tiling_very_big, layout_loops_cross,
          nicolae_ossuary_entry_plus, roderic_serpentine_path
D:7:      layout_loops_ring, nicolae_elyvilon_temple_path, grunt_ministairs_2,
          uniq_pikel, uniq_menkaure, uniq_duvessa
D:8:      layout_rooms, pdpol_wu_jian_five_deadly_venoms
D:9:      layout_basic, nicolae_dithmenos_shadow_blocks,
          minmay_statue_crystal_thing
D:10:     minmay_smoke_and_mirrors, layout_basic,
          mainiacjoe_overflow_six_doors_small, minmay_misc_feat_roman,
          nrook_campfire
D:11:     layout_big_octagon, erik_lair_dragon, lightli_elemental_guards,
          uniq_urug, uniq_fannar
D:12:     layout_rooms, david_orc_5, nicolae_shop_fire_sale
          [nicolae_sub_dead_trees]
Temple:   hellmonk_temple_flake
Lair:1:   layout_small_grid, basic_altar, beast_lair_carwin_4,
          grunt_megastairs_2
Lair:2:   layout_gridlike, nicolae_lair_lakeside_cave,
          infiniplex_staircase_pool_2, lemuel_fruit_tree
Lair:3:   layout_cave_pods, skrybe_swamp_entry_bodies, spider_nest_entry_webs,
          portal_ice_cave_entry_pillars_2, uniq_snorg
Lair:4:   layout_loops_ring, bobbens_ice_dragon_lair
Lair:5:   evilmike_catoblepas_cave, layout_small_grid, dpeg_slime_entry_enclosed
Spider:1: layout_spider_delve, nicolae_spider_nook
Orc:1:    layout_caves, nicolae_orc_found_a_spring,
          minmay_shop_enchanted_jewellery
Orc:2:    grunt_orc_gardens, layout_caves, grunt_orc_garden, grunt_orc_garden,
          grunt_orc_garden, grunt_orc_garden, serial_shops,
          nicolae_shop_competitors_out_of_business, bh_open_orc_temple
Elf:1:    eino_elf_arrival_customs, layout_loops_corners, serial_shops,
          nicolae_square_shop, shop, nicolae_shop_stone, shop,
          minmay_elf_necromancy, uniq_agnes
Elf:2:    nicolae_elf_blades_crystal_corner, layout_geoelf_grid, serial_shops,
          shop, lemuel_upstairs_altar

Skill      XL: |  1  2  3  4  5  6  7  8  9 10 11 12 13 14 15 |
---------------+----------------------------------------------+-----
Fighting       | 1 3 5 7 9 10 12 13 14 | 14.0
Dodging        | 2 3 4 |  4.6
Shapeshifting  | 4 5 7 8 9 10 11 12 13 15 | 15.0
Armour         | 2 4 5 |  5.1
Unarmed Combat | 4 6 9 10 12 13 15 16 | 16.0

Action                     |  1- 3 |  4- 6 |  7- 9 | 10-12 | 13-15 || total
---------------------------+-------+-------+-------+-------+-------++-------
  Melee: Unarmed           |    42 |   137 |   342 |   504 |   802 ||  1827
         Punch             |     3 |     5 |     9 |    35 |    69 ||   121
  Throw: Dart              |       |       |       |       |     6 ||     6
 Invoke: Berserk           |       |       |     1 |     5 |    17 ||    23
         Brothers in Arms  |       |       |       |       |     4 ||     4
         Trog's Hand       |       |       |       |       |     4 ||     4
    Use: Scroll            |       |       |    14 |    16 |    18 ||    48
         Potion            |       |       |       |     1 |     3 ||     4
 Armour: Animal skin       |    28 |    86 |   319 |    50 |       ||   483
         Steam dragon scal |       |       |       |   444 |   590 ||  1034
         Skin              |       |       |       |    16 |       ||    16
         Swamp dragon scal |       |       |       |       |   244 ||   244
  Dodge: Dodged            |    13 |    51 |   189 |   212 |   333 ||   798
   Form: Blade             |       |       |     2 |     1 |     1 ||     4
         Beast             |       |       |     1 |     4 |       ||     5
                           |       |       |     1 |     1 |       ||     2
         Flux              |       |       |       |     2 |       ||     2
